Ice Hogs vs Falcons

Created - Tuesday, May 03, 2016 at 03:00

Goals
1 2 3 T
Ice Hogs 0 0 1 1
Falcons 0 2 0 2
Shots
1 2 3 T
Ice Hogs 12 5 24 41
Falcons 5 6 7 18

1st period

No Goal

Penalties :
Nathan Beaulieu (SPR) for Fighting (Major) at 0:11, Viktor Svedberg (RIH) for Fighting (Major) at 0:11, Robert Hagg (SPR) for Tripping (Minor) at 3:35, Jean-Philippe Cote (RIH) for Tripping (Minor) at 7:43

2nd period

1. Falcons , Tobias Rieder 3 (Nathan Beaulieu, Shane Harper) at 2:40
2. Falcons , Dmitrij Jaskin 3 (Greg Rallo) at 15:19

Penalties :
Anton Volchenkov (RIH) for Tripping (Minor) at 0:15, Vincent Trocheck (SPR) for High sticking (Minor) at 16:43

3rd period

3. Ice Hogs , J.T. Miller 7 (Travis Morin) at 7:04

Penalties :
Robert Hagg (SPR) for Fighting (Major) at 3:54, Viktor Svedberg (RIH) for Fighting (Major) at 3:54, Nathan Beaulieu (SPR) for Tripping (Minor) at 8:29

Goalie Stats

Yann Danis (RIH), 16 saves from 18 shots - (0.889), L, 6-1-2, 59:01 minutes
Christopher Gibson (SPR), 40 saves from 41 shots - (0.976), W, 4-1-1, 60:00 minutes

Players Stats for Ice Hogs

Player Name              G  A  P  +/- PIM S  H  SB GA TA FO     MP     PP MP  PK MP  
------------------------------------------------------------------------------------
Alexandre Carrier        0  0  0  -1  0   0  0  0  0  0  0/0    10:31   0:00   0:00 
Anton Volchenkov         0  0  0   0  2   2  3  1  0  2  0/0    24:48   3:39   0:00 
Ben Holmstrom            0  0  0  -1  0   0  0  1  0  1  0/3    10:31   0:00   0:00 
Conor Sheary             0  0  0   0  0   4  0  2  2  0  0/0    12:47   0:00   0:00 
Derek Hulak              0  0  0  -1  0   2  1  1  2  0  0/0    10:31   0:00   0:00 
J.T. Miller              1  0  1   0  0   5  1  0  2  1  0/0    18:53   2:37   1:56 
Jean-Philippe Cote       0  0  0  -1  2   1  0  1  1  1  0/0    18:00   0:00   0:00 
Kyle Hagel               0  0  0   1  0   1  5  1  0  4  0/0    22:45   1:57   3:49 
Mat Bodie                0  0  0   0  0   0  0  0  0  1  0/0    15:19   0:00   0:00 
Matt Fraser              0  0  0   1  0   1  2  1  2  0  0/0    15:04   2:37   0:00 
Oscar Lindberg           0  0  0   0  0   8  1  0  1  2  11/15  17:48   3:19   2:02 
Petr Straka              0  0  0   0  0   1  3  0  0  0  0/0    15:46   3:19   0:00 
Scott Wilson             0  0  0   0  0   2  1  0  2  0  0/0    17:48   3:19   2:02 
T.J. Tynan               0  0  0   0  0   1  3  0  2  0  6/7    12:47   0:00   0:00 
Travis Morin             0  1  1   0  0   3  1  0  0  0  9/16   18:53   2:37   1:56 
Viktor Svedberg          0  0  0  -1  10  2  0  3  0  1  0/0    17:03   2:17   2:08 
Will Acton               0  0  0   0  0   1  1  0  3  0  2/2    12:47   0:00   0:00 
Zach Trotman             0  0  0  -2  0   7  1  1  3  2  0/0    23:52   3:59   1:59 

Players Stats for Falcons

Player Name              G  A  P  +/- PIM S  H  SB GA TA FO     MP     PP MP  PK MP  
------------------------------------------------------------------------------------
Brandon Davidson         0  0  0   0  0   2  1  4  0  2  0/0    22:30   1:50   3:15 
Dmitrij Jaskin           1  0  1   1  0   3  3  0  4  0  0/0    15:30   1:58   0:21 
Dylan Blujus             0  0  0   0  0   1  0  2  0  2  0/0    14:33   0:00   2:41 
Emile Poirier            0  0  0   1  0   0  1  1  0  1  0/0     9:26   0:00   0:00 
Freddie Hamilton         0  0  0   0  0   0  2  0  0  0  0/1    19:25   2:00   1:00 
Greg Rallo               0  1  1   0  0   0  1  0  0  0  1/2    12:23   0:00   0:00 
Henrik Tommernes         0  0  0   0  0   0  3  1  0  0  0/0    18:05   2:08   0:59 
Jacob De La Rose         0  0  0  -1  0   3  2  0  4  1  2/6    19:34   2:00   4:11 
Joey Hishon              0  0  0  -1  0   0  1  0  6  0  3/8    15:43   0:00   1:29 
Jonathan Marchessault    0  0  0   0  0   0  2  1  1  0  0/0    16:19   0:00   0:00 
Markus Granlund          0  0  0   0  0   1  0  0  2  1  3/12   19:49   2:00   1:24 
Michael Kostka           0  0  0   1  0   1  0  0  0  0  0/0     5:51   0:00   0:00 
Nathan Beaulieu          0  1  1   1  7   2  1  2  0  3  0/0    24:06   1:50   1:47 
Robert Hagg              0  0  0   0  7   0  2  1  0  1  0/0    14:54   0:00   1:00 
Shane Harper             0  1  1   1  0   1  1  0  0  1  0/0     7:11   0:00   0:00 
Tobias Rieder            1  0  1   1  0   2  1  0  0  0  2/7    23:00   1:58   3:27 
Ville Pokka              0  0  0   0  0   0  3  2  0  0  0/0    20:58   2:08   2:41 
Vincent Trocheck         0  0  0   1  2   2  0  0  2  0  4/7    15:08   1:58   0:00 

3 Stars

1 - Christopher Gibson (SPR)
2 - Dmitrij Jaskin (SPR)
3 - Tobias Rieder (SPR)

Power Play

Ice Hogs - 0 on 3 Attempt(s) - 0.00%
Falcons - 0 on 2 Attempt(s) - 0.00%

Penalty Kill

Ice Hogs - 2 on 2 Attempt(s) - 100.00% - Score 0 goal in Penalty Kill
Falcons - 3 on 3 Attempt(s) - 100.00% - Score 0 goal in Penalty Kill

Team Stat

Ice Hogs - Hits : 23 - Faceoff Wins : 28 - Blocked Shots : 12 - Penalty Minutes : 14
Falcons - Hits : 24 - Faceoff Wins : 15 - Blocked Shots : 14 - Penalty Minutes : 16

Official

Referees : Unknown
Linesman : Unknown

Game Notes

Nathan Beaulieu and Viktor Svedberg fight to a draw at 0:11 of 1st period
Robert Hagg and Viktor Svedberg fight to a draw at 3:54 of 3rd period
Dylan Blujus is injured at 10:14 of 3rd period (Strained Groin)

Finance

Level 1 -- Attendance: 1995 (99.75%) -- Ticket Income $69,825
Level 2 -- Attendance: 933 (93.30%) -- Ticket Income $13,995
Total Attendance: 2928 (97.60%)
Total Ticket Income: $83,820
Other Income: $41,072
Total Income: $124,892

Ice Hogs

5 vs 5 Forward 
   Center                   Left Wing                Right Wing               Time % Phy DF OF 
 1 Travis Morin             Matt Fraser              J.T. Miller              30     0   2  3  
 2 Oscar Lindberg           Scott Wilson             Petr Straka              25     0   2  3  
 3 T.J. Tynan               Conor Sheary             Will Acton               25     1   2  2  
 4 Ben Holmstrom            Derek Hulak              Alexandre Carrier        20     1   2  2  

5 vs 5 Defense 
   Defense                  Defense                                           Time % Phy DF OF 
 1 Viktor Svedberg          Kyle Hagel                                        30     1   2  2  
 2 Anton Volchenkov         Mat Bodie                                         30     1   2  2  
 3 Jean-Philippe Cote       Zach Trotman                                      30     1   2  2  
 4 Anton Volchenkov         Kyle Hagel                                        10     1   2  2  

PowerPlay Forward 
   Center                   Left Wing                Right Wing               Time % Phy DF OF 
 1 Travis Morin             Matt Fraser              J.T. Miller              50     1   1  3  
 2 Oscar Lindberg           Scott Wilson             Petr Straka              50     1   1  3  

PowerPlay Defense
   Defense                  Defense                                           Time % Phy DF OF 
 1 Viktor Svedberg          Zach Trotman                                      50     0   2  3  
 2 Anton Volchenkov         Kyle Hagel                                        50     0   2  3  

Penalty Kill 4 Players Forward 
   Center                   Wing                     Time % Phy DF OF 
 1 Travis Morin             J.T. Miller              50     1   3  1  
 2 Oscar Lindberg           Scott Wilson             50     1   3  1  

Penalty Kill 4 Players Defense
   Defense                  Defense                  Time % Phy DF OF 
 1 Viktor Svedberg          Kyle Hagel               50     1   4  0  
 2 Anton Volchenkov         Zach Trotman             50     1   4  0  

Penalty Kill - 3 Players Forward 
   Forward                                           Time % Phy DF OF 
 1 Travis Morin                                      50     1   4  0  
 2 J.T. Miller                                       50     1   4  0  

Penalty Kill - 3 Players Defense
   Defense                  Defense                  Time % Phy DF OF 
 1 Viktor Svedberg          Kyle Hagel               50     1   4  0  
 2 Anton Volchenkov         Zach Trotman             50     1   4  0  

4 vs 4 Forward 
   Center                   Wing                     Time % Phy DF OF 
 1 Conor Sheary             Petr Straka              50     1   2  2  
 2 Will Acton               Derek Hulak              50     1   2  2  

4 vs 4 Defense
   Defense                  Defense                  Time % Phy DF OF 
 1 Anton Volchenkov         Mat Bodie                50     1   2  2  
 2 Jean-Philippe Cote       Zach Trotman             50     1   2  2  

Last Minutes Offensive
   Center                   Left Wing                Right Wing               Defense                  Defense                  
   Travis Morin             Matt Fraser              J.T. Miller              Anton Volchenkov         Zach Trotman             

Last Minutes Defensive
   Center                   Left Wing                Right Wing               Defense                  Defense                  
   Travis Morin             Oscar Lindberg           J.T. Miller              Anton Volchenkov         Kyle Hagel               

Goaltenders
Starting : Yann Danis               
Backup : FARM GOALIE15            

Extra Forwards
Normal : Petr Straka, Conor Sheary, Ben Holmstrom - PP : Petr Straka, J.T. Miller - PK : Oscar Lindberg
Extra Defensemen
Normal : Anton Volchenkov, Zach Trotman, Kyle Hagel - PP : Zach Trotman - PK : Anton Volchenkov, Kyle Hagel
Penalty Shots
Travis Morin, J.T. Miller, Oscar Lindberg, Conor Sheary, Scott Wilson

Falcons

5 vs 5 Forward 
   Center                   Left Wing                Right Wing               Time % Phy DF OF 
 1 Vincent Trocheck         Dmitrij Jaskin           Tobias Rieder            35     1   2  2  
 2 Markus Granlund          Jonathan Marchessault    Freddie Hamilton         30     1   2  2  
 3 Joey Hishon              Jacob De La Rose         Greg Rallo               22     1   2  2  
 4 Tobias Rieder            Emile Poirier            Shane Harper             13     1   2  2  

5 vs 5 Defense 
   Defense                  Defense                                           Time % Phy DF OF 
 1 Nathan Beaulieu          Brandon Davidson                                  35     1   2  2  
 2 Dylan Blujus             Ville Pokka                                       30     1   2  2  
 3 Henrik Tommernes         Robert Hagg                                       22     1   2  2  
 4 Michael Kostka           Nathan Beaulieu                                   13     1   2  2  

PowerPlay Forward 
   Center                   Left Wing                Right Wing               Time % Phy DF OF 
 1 Vincent Trocheck         Dmitrij Jaskin           Tobias Rieder            60     1   2  2  
 2 Markus Granlund          Jacob De La Rose         Freddie Hamilton         40     1   2  2  

PowerPlay Defense
   Defense                  Defense                                           Time % Phy DF OF 
 1 Nathan Beaulieu          Brandon Davidson                                  60     1   2  2  
 2 Henrik Tommernes         Ville Pokka                                       40     1   2  2  

Penalty Kill 4 Players Forward 
   Center                   Wing                     Time % Phy DF OF 
 1 Jacob De La Rose         Tobias Rieder            60     1   2  2  
 2 Markus Granlund          Freddie Hamilton         40     1   2  2  

Penalty Kill 4 Players Defense
   Defense                  Defense                  Time % Phy DF OF 
 1 Nathan Beaulieu          Brandon Davidson         60     1   2  2  
 2 Dylan Blujus             Ville Pokka              40     1   2  2  

Penalty Kill - 3 Players Forward 
   Forward                                           Time % Phy DF OF 
 1 Jacob De La Rose                                  60     1   2  2  
 2 Markus Granlund                                   40     1   2  2  

Penalty Kill - 3 Players Defense
   Defense                  Defense                  Time % Phy DF OF 
 1 Nathan Beaulieu          Brandon Davidson         60     1   2  2  
 2 Dylan Blujus             Ville Pokka              40     1   2  2  

4 vs 4 Forward 
   Center                   Wing                     Time % Phy DF OF 
 1 Vincent Trocheck         Jacob De La Rose         60     1   2  2  
 2 Markus Granlund          Dmitrij Jaskin           40     1   2  2  

4 vs 4 Defense
   Defense                  Defense                  Time % Phy DF OF 
 1 Nathan Beaulieu          Brandon Davidson         60     1   2  2  
 2 Henrik Tommernes         Ville Pokka              40     1   2  2  

Last Minutes Offensive
   Center                   Left Wing                Right Wing               Defense                  Defense                  
   Markus Granlund          Dmitrij Jaskin           Tobias Rieder            Nathan Beaulieu          Brandon Davidson         

Last Minutes Defensive
   Center                   Left Wing                Right Wing               Defense                  Defense                  
   Markus Granlund          Jacob De La Rose         Tobias Rieder            Nathan Beaulieu          Brandon Davidson         

Goaltenders
Starting : Christopher Gibson       
Backup : Malcolm Subban           

Extra Forwards
Normal : Joey Hishon, Emile Poirier, Greg Rallo - PP : Jonathan Marchessault, Shane Harper - PK : Joey Hishon
Extra Defensemen
Normal : Robert Hagg, Henrik Tommernes, Michael Kostka - PP : Robert Hagg - PK : Robert Hagg, Henrik Tommernes
Penalty Shots
Tobias Rieder, Dmitrij Jaskin, Vincent Trocheck, Markus Granlund, Jacob De La Rose

% Time on Ice - Ice Hogs

Lines # - Real PCT - Wanted PCT - Time Play
Normal Forward
1 - 28% - 30% - 14:06
2 - 25% - 25% - 12:27
3 - 26% - 25% - 12:47
4 - 21% - 20% - 10:31
Normal Defense
1 - 29% - 30% - 14:31
2 - 33% - 30% - 16:15
3 - 34% - 30% - 16:44
4 - 5% - 10% - 2:21
PP Forward
1 - 44% - 50% - 2:37
2 - 56% - 50% - 3:20
PP Defense
1 - 67% - 50% - 3:59
2 - 33% - 50% - 1:58
PK Forward
1 - 49% - 50% - 1:56
2 - 51% - 50% - 2:02
PK Defense
1 - 50% - 50% - 1:59
2 - 50% - 50% - 1:59
PK3 Forward
1 - 0% - 50%
2 - 0% - 50%
PK3 Defense
1 - 0% - 50%
2 - 0% - 50%
44 Forward
1 - 0% - 50%
2 - 0% - 50%
44 Defense
1 - 0% - 50%
2 - 0% - 50%
Last Minute Offensive  - 0:14
Last Minute Defensive  - 0:00
Total
Forward - 60:00
Defense - 60:00

% Time on Ice - Falcons

Lines # - Real PCT - Wanted PCT - Time Play
Normal Forward
1 - 28% - 35% - 13:42
2 - 33% - 30% - 16:25
3 - 25% - 22% - 12:09
4 - 15% - 13% - 7:11
Normal Defense
1 - 35% - 35% - 17:25
2 - 31% - 30% - 15:31
3 - 26% - 22% - 12:42
4 - 8% - 13% - 3:49
PP Forward
1 - 50% - 60% - 1:58
2 - 50% - 40% - 2:00
PP Defense
1 - 46% - 60% - 1:50
2 - 54% - 40% - 2:08
PK Forward
1 - 83% - 60% - 4:57
2 - 17% - 40% - 1:00
PK Defense
1 - 55% - 60% - 3:15
2 - 45% - 40% - 2:42
PK3 Forward
1 - 0% - 60%
2 - 0% - 40%
PK3 Defense
1 - 0% - 60%
2 - 0% - 40%
44 Forward
1 - 0% - 60%
2 - 0% - 40%
44 Defense
1 - 0% - 60%
2 - 0% - 40%
Last Minute Offensive  - 0:00
Last Minute Defensive  - 0:38
Total
Forward - 60:00
Defense - 60:00

Play by Play

1st period


0:01 of 1st period - Vincent Trocheck wins face-off versus Travis Morin in neutral zone.
0:10 of 1st period - Wrist shot by Dmitrij Jaskin.
0:10 of 1st period - Stopped by Yann Danis with a rebound.
0:11 of 1st period - Nathan Beaulieu and Viktor Svedberg fight to a draw.
0:11 of 1st period - Penalty to Nathan Beaulieu for Fighting.
0:11 of 1st period - Penalty to Viktor Svedberg for Fighting.
0:12 of 1st period - Oscar Lindberg wins face-off versus Freddie Hamilton in Ice Hogs zone.
0:39 of 1st period - Slapshot by Oscar Lindberg.
0:39 of 1st period - Stopped by Christopher Gibson without a rebound.
0:40 of 1st period - T.J. Tynan wins face-off versus Joey Hishon in Falcons zone.
0:41 of 1st period - Wrist shot by Conor Sheary.
0:41 of 1st period - Stopped by Christopher Gibson with a rebound.
0:47 of 1st period - Zach Trotman is hit by Joey Hishon and loses puck.
0:58 of 1st period - Wrist shot by Jacob De La Rose.
0:58 of 1st period - Stopped by Yann Danis without a rebound.
0:59 of 1st period - Greg Rallo wins face-off versus T.J. Tynan in Ice Hogs zone.
1:02 of 1st period - Snap shot by Joey Hishon.
1:02 of 1st period - Shot Blocked by Conor Sheary.
1:04 of 1st period - Snap shot by Greg Rallo.
1:04 of 1st period - Shot Misses the Net.
1:44 of 1st period - Ben Holmstrom is hit by Robert Hagg and loses puck.
2:13 of 1st period - Brandon Davidson is hit by Zach Trotman and loses puck.
3:26 of 1st period - Snap shot by Scott Wilson.
3:26 of 1st period - Shot Misses the Net.
3:28 of 1st period - Slapshot by Anton Volchenkov.
3:28 of 1st period - Deflect By Scott Wilson.
3:28 of 1st period - Shot Blocked by Dylan Blujus.
3:28 of 1st period - Puck is out of play.
3:29 of 1st period - T.J. Tynan wins face-off versus Joey Hishon in Falcons zone.
3:35 of 1st period - Minor Penalty to Robert Hagg for Tripping.
3:36 of 1st period - Oscar Lindberg wins face-off versus Jacob De La Rose in Falcons zone.
3:59 of 1st period - Tobias Rieder is hit by Anton Volchenkov and loses puck.
4:06 of 1st period - Snap shot by Scott Wilson.
4:06 of 1st period - Shot Blocked by Henrik Tommernes.
4:08 of 1st period - Slapshot by Kyle Hagel.
4:08 of 1st period - Stopped by Christopher Gibson without a rebound.
4:09 of 1st period - Travis Morin wins face-off versus Jacob De La Rose in Falcons zone.
4:18 of 1st period - Wrist shot by J.T. Miller.
4:18 of 1st period - Shot Misses the Net.
4:34 of 1st period - Slapshot by J.T. Miller.
4:34 of 1st period - Stopped by Christopher Gibson without a rebound.
4:35 of 1st period - Oscar Lindberg wins face-off versus Markus Granlund in Falcons zone.
4:36 of 1st period - Slapshot by Zach Trotman.
4:36 of 1st period - Deflect By Oscar Lindberg.
4:36 of 1st period - Shot Blocked by Ville Pokka.
4:36 of 1st period - Puck is out of play.
4:37 of 1st period - Markus Granlund wins face-off versus Oscar Lindberg in Falcons zone.
4:52 of 1st period - Freddie Hamilton is hit by Petr Straka and loses puck.
5:11 of 1st period - Penalty to Nathan Beaulieu is over, Nathan Beaulieu is back on ice.
5:22 of 1st period - Wrist shot by J.T. Miller.
5:22 of 1st period - Stopped by Christopher Gibson with a rebound.
5:24 of 1st period - Backhand shot by Travis Morin.
5:24 of 1st period - Shot Misses the Net.
5:26 of 1st period - Snap shot by Travis Morin.
5:26 of 1st period - Stopped by Christopher Gibson with a rebound.
5:28 of 1st period - Slapshot by J.T. Miller.
5:28 of 1st period - Shot Misses the Net.
5:30 of 1st period - Wrist shot by Travis Morin.
5:30 of 1st period - Shot Misses the Net.
6:31 of 1st period - Wrist shot by Joey Hishon.
6:31 of 1st period - Shot Misses the Net.
6:33 of 1st period - Snap shot by Jacob De La Rose.
6:33 of 1st period - Stopped by Yann Danis with a rebound.
6:35 of 1st period - Slapshot by Nathan Beaulieu.
6:35 of 1st period - Shot Misses the Net.
6:37 of 1st period - Snap shot by Joey Hishon.
6:37 of 1st period - Shot Misses the Net.
6:39 of 1st period - Slapshot by Brandon Davidson.
6:39 of 1st period - Shot Blocked by Ben Holmstrom.
6:41 of 1st period - Slapshot by Brandon Davidson.
6:41 of 1st period - Deflect By Jacob De La Rose.
6:41 of 1st period - Shot Blocked by Derek Hulak.
6:41 of 1st period - Puck is out of play.
6:42 of 1st period - Will Acton wins face-off versus Tobias Rieder in Ice Hogs zone.
6:47 of 1st period - Shane Harper is hit by T.J. Tynan and loses puck.
7:32 of 1st period - Snap shot by Oscar Lindberg.
7:32 of 1st period - Stopped by Christopher Gibson without a rebound.
7:33 of 1st period - Oscar Lindberg wins face-off versus Markus Granlund in Falcons zone.
7:43 of 1st period - Minor Penalty to Jean-Philippe Cote for Tripping.
7:44 of 1st period - Vincent Trocheck wins face-off versus Travis Morin in Ice Hogs zone.
9:06 of 1st period - J.T. Miller is hit by Dmitrij Jaskin.
9:43 of 1st period - Penalty to Jean-Philippe Cote is over, Jean-Philippe Cote is back on ice.
9:48 of 1st period - Travis Morin is hit by Ville Pokka.
9:52 of 1st period - Wrist shot by Dmitrij Jaskin.
9:52 of 1st period - Stopped by Yann Danis with a rebound.
9:54 of 1st period - Snap shot by Tobias Rieder.
9:54 of 1st period - Shot Blocked by Kyle Hagel.
10:16 of 1st period - Travis Morin is hit by Jacob De La Rose and loses puck.
11:09 of 1st period - Slapshot by Markus Granlund.
11:09 of 1st period - Deflect By Jonathan Marchessault.
11:09 of 1st period - Shot Blocked by Viktor Svedberg.
11:09 of 1st period - Puck is out of play.
11:10 of 1st period - T.J. Tynan wins face-off versus Markus Granlund in Ice Hogs zone.
11:27 of 1st period - Snap shot by Conor Sheary.
11:27 of 1st period - Shot Misses the Net.
11:57 of 1st period - Snap shot by Oscar Lindberg.
11:57 of 1st period - Stopped by Christopher Gibson without a rebound.
11:58 of 1st period - Oscar Lindberg wins face-off versus Tobias Rieder in Falcons zone.
12:03 of 1st period - Wrist shot by Scott Wilson.
12:03 of 1st period - Shot Misses the Net.
12:05 of 1st period - Slapshot by Zach Trotman.
12:05 of 1st period - Stopped by Christopher Gibson without a rebound.
12:06 of 1st period - Oscar Lindberg wins face-off versus Joey Hishon in Falcons zone.
12:27 of 1st period - Snap shot by Joey Hishon.
12:27 of 1st period - Deflect By Greg Rallo.
12:27 of 1st period - Shot Misses the Net.
12:27 of 1st period - Puck is out of play.
12:28 of 1st period - Tobias Rieder wins face-off versus Ben Holmstrom in Ice Hogs zone.
14:08 of 1st period - Ville Pokka is hit by Scott Wilson and loses puck.
14:22 of 1st period - Jacob De La Rose is hit by Petr Straka and loses puck.
14:37 of 1st period - Dmitrij Jaskin is hit by Anton Volchenkov and loses puck.
14:42 of 1st period - Snap shot by Zach Trotman.
14:42 of 1st period - Shot Misses the Net.
14:44 of 1st period - Wrist shot by Zach Trotman.
14:44 of 1st period - Stopped by Christopher Gibson with a rebound.
15:09 of 1st period - Shane Harper is hit by J.T. Miller and loses puck.
15:22 of 1st period - Zach Trotman is hit by Henrik Tommernes and loses puck.
16:04 of 1st period - Snap shot by Markus Granlund.
16:04 of 1st period - Shot Misses the Net.
16:06 of 1st period - Slapshot by Markus Granlund.
16:06 of 1st period - Shot Misses the Net.
16:08 of 1st period - Slapshot by Michael Kostka.
16:08 of 1st period - Stopped by Yann Danis with a rebound.
16:55 of 1st period - Kyle Hagel is hit by Greg Rallo and loses puck.
17:20 of 1st period - Wrist shot by Ben Holmstrom.
17:20 of 1st period - Shot Misses the Net.
17:22 of 1st period - Slapshot by Mat Bodie.
17:22 of 1st period - Deflect By Derek Hulak.
17:22 of 1st period - Stopped by Christopher Gibson with a rebound.
17:24 of 1st period - Slapshot by Viktor Svedberg.
17:24 of 1st period - Stopped by Christopher Gibson with a rebound.
17:26 of 1st period - Slapshot by Mat Bodie.
17:26 of 1st period - Shot Blocked by Nathan Beaulieu.
17:28 of 1st period - Snap shot by Mat Bodie.
17:28 of 1st period - Shot Misses the Net.
17:30 of 1st period - Slapshot by Alexandre Carrier.
17:30 of 1st period - Deflect By Derek Hulak.
17:30 of 1st period - Shot Misses the Net.
17:30 of 1st period - Puck is out of play.
17:31 of 1st period - Vincent Trocheck wins face-off versus Ben Holmstrom in Falcons zone.
18:08 of 1st period - Zach Trotman is hit by Shane Harper and loses puck.
18:22 of 1st period - Viktor Svedberg is hit by Ville Pokka and loses puck.
18:33 of 1st period - Jonathan Marchessault is hit by Kyle Hagel and loses puck.
Goals for this period are 0 for Ice Hogs vs 0 for Falcons.
Shots for this period are 12 for Ice Hogs vs 5 for Falcons.

2nd period


0:01 of 2nd period - Vincent Trocheck wins face-off versus Travis Morin in neutral zone.
0:15 of 2nd period - Minor Penalty to Anton Volchenkov for Tripping.
0:16 of 2nd period - Oscar Lindberg wins face-off versus Vincent Trocheck in Ice Hogs zone.
1:11 of 2nd period - Kyle Hagel is hit by Brandon Davidson and loses puck.
2:05 of 2nd period - Icing by Markus Granlund.
2:06 of 2nd period - Travis Morin wins face-off versus Markus Granlund in Falcons zone.
2:15 of 2nd period - Penalty to Anton Volchenkov is over, Anton Volchenkov is back on ice.
2:15 of 2nd period - Viktor Svedberg is hit by Freddie Hamilton and loses puck.
2:34 of 2nd period - Slapshot by Nathan Beaulieu.
2:34 of 2nd period - Shot Blocked by Zach Trotman.
2:40 of 2nd period - Slapshot by Nathan Beaulieu.
2:40 of 2nd period - Deflect By Tobias Rieder.
2:40 of 2nd period - Goal by Tobias Rieder - Ice Hogs : 0 - Falcons : 1.
2:41 of 2nd period - T.J. Tynan wins face-off versus Joey Hishon in neutral zone.
3:58 of 2nd period - Snap shot by Ben Holmstrom.
3:58 of 2nd period - Shot Misses the Net.
4:34 of 2nd period - Wrist shot by Markus Granlund.
4:34 of 2nd period - Shot Misses the Net.
4:36 of 2nd period - Slapshot by Dylan Blujus.
4:36 of 2nd period - Stopped by Yann Danis with a rebound.
4:38 of 2nd period - Slapshot by Dylan Blujus.
4:38 of 2nd period - Shot Blocked by Viktor Svedberg.
5:48 of 2nd period - Wrist shot by Matt Fraser.
5:48 of 2nd period - Deflect By J.T. Miller.
5:48 of 2nd period - Shot Misses the Net.
5:48 of 2nd period - Puck is out of play.
5:49 of 2nd period - Oscar Lindberg wins face-off versus Markus Granlund in Falcons zone.
5:50 of 2nd period - Snap shot by Scott Wilson.
5:50 of 2nd period - Shot Misses the Net.
6:00 of 2nd period - Slapshot by Oscar Lindberg.
6:00 of 2nd period - Stopped by Christopher Gibson with a rebound.
7:11 of 2nd period - Anton Volchenkov is hit by Nathan Beaulieu and loses puck.
7:36 of 2nd period - Slapshot by J.T. Miller.
7:36 of 2nd period - Deflect By Travis Morin.
7:36 of 2nd period - Shot Blocked by Emile Poirier.
7:36 of 2nd period - Puck is out of play.
7:37 of 2nd period - Travis Morin wins face-off versus Joey Hishon in Falcons zone.
8:18 of 2nd period - Snap shot by Vincent Trocheck.
8:18 of 2nd period - Stopped by Yann Danis without a rebound.
8:19 of 2nd period - T.J. Tynan wins face-off versus Vincent Trocheck in Ice Hogs zone.
8:31 of 2nd period - Conor Sheary is hit by Dmitrij Jaskin.
8:48 of 2nd period - Will Acton is hit by Henrik Tommernes and loses puck.
8:53 of 2nd period - Wrist shot by Markus Granlund.
8:53 of 2nd period - Stopped by Yann Danis without a rebound.
8:54 of 2nd period - Travis Morin wins face-off versus Markus Granlund in Ice Hogs zone.
9:27 of 2nd period - Wrist shot by Derek Hulak.
9:27 of 2nd period - Stopped by Christopher Gibson with a rebound.
9:39 of 2nd period - Snap shot by Jacob De La Rose.
9:39 of 2nd period - Shot Misses the Net.
9:59 of 2nd period - Wrist shot by Vincent Trocheck.
9:59 of 2nd period - Stopped by Yann Danis with a rebound.
10:36 of 2nd period - Off-side.
10:37 of 2nd period - T.J. Tynan wins face-off versus Markus Granlund in neutral zone.
10:40 of 2nd period - Slapshot by Will Acton.
10:40 of 2nd period - Stopped by Christopher Gibson with a rebound.
11:37 of 2nd period - Joey Hishon is hit by Kyle Hagel.
12:29 of 2nd period - Robert Hagg is hit by Matt Fraser.
12:41 of 2nd period - T.J. Tynan is hit by Tobias Rieder and loses puck.
13:28 of 2nd period - Ville Pokka is hit by Kyle Hagel and loses puck.
14:35 of 2nd period - J.T. Miller is hit by Emile Poirier and loses puck.
15:12 of 2nd period - Jean-Philippe Cote is hit by Dmitrij Jaskin and loses puck.
15:19 of 2nd period - Snap shot by Dmitrij Jaskin.
15:19 of 2nd period - Goal by Dmitrij Jaskin - Ice Hogs : 0 - Falcons : 2.
15:20 of 2nd period - Markus Granlund wins face-off versus Travis Morin in neutral zone.
16:29 of 2nd period - Anton Volchenkov is hit by Henrik Tommernes and loses puck.
16:43 of 2nd period - Minor Penalty to Vincent Trocheck for High sticking.
16:44 of 2nd period - Jacob De La Rose wins face-off versus Oscar Lindberg in Falcons zone.
17:00 of 2nd period - Slapshot by Zach Trotman.
17:00 of 2nd period - Shot Blocked by Nathan Beaulieu.
17:02 of 2nd period - Wrist shot by Petr Straka.
17:02 of 2nd period - Shot Blocked by Brandon Davidson.
17:04 of 2nd period - Snap shot by Petr Straka.
17:04 of 2nd period - Stopped by Christopher Gibson with a rebound.
17:20 of 2nd period - Wrist shot by Oscar Lindberg.
17:20 of 2nd period - Stopped by Christopher Gibson with a rebound.
17:39 of 2nd period - Dylan Blujus is hit by Travis Morin and loses puck.
18:00 of 2nd period - Wrist shot by Matt Fraser.
18:00 of 2nd period - Shot Misses the Net.
18:25 of 2nd period - Brandon Davidson is hit by Kyle Hagel and loses puck.
18:43 of 2nd period - Penalty to Vincent Trocheck is over, Vincent Trocheck is back on ice.
18:48 of 2nd period - Snap shot by Matt Fraser.
18:48 of 2nd period - Shot Misses the Net.
19:31 of 2nd period - Wrist shot by Jonathan Marchessault.
19:31 of 2nd period - Shot Blocked by Anton Volchenkov.
19:41 of 2nd period - Robert Hagg is hit by T.J. Tynan and loses puck.
Goals for this period are 0 for Ice Hogs vs 2 for Falcons.
Shots for this period are 5 for Ice Hogs vs 6 for Falcons.

3rd period


0:01 of 3rd period - Travis Morin wins face-off versus Vincent Trocheck in neutral zone.
0:58 of 3rd period - Markus Granlund is hit by Oscar Lindberg and loses puck.
1:17 of 3rd period - Jean-Philippe Cote is hit by Jonathan Marchessault.
1:41 of 3rd period - Zach Trotman is hit by Jacob De La Rose.
1:51 of 3rd period - Snap shot by Jacob De La Rose.
1:51 of 3rd period - Stopped by Yann Danis with a rebound.
2:05 of 3rd period - Slapshot by Joey Hishon.
2:05 of 3rd period - Shot Misses the Net.
2:35 of 3rd period - Slapshot by Tobias Rieder.
2:35 of 3rd period - Stopped by Yann Danis without a rebound.
2:36 of 3rd period - Travis Morin wins face-off versus Markus Granlund in Ice Hogs zone.
2:36 of 3rd period - Travis Morin is hit by Jonathan Marchessault.
3:27 of 3rd period - Vincent Trocheck is hit by Anton Volchenkov and loses puck.
3:34 of 3rd period - Ville Pokka is hit by T.J. Tynan and loses puck.
3:49 of 3rd period - Slapshot by Conor Sheary.
3:49 of 3rd period - Stopped by Christopher Gibson without a rebound.
3:50 of 3rd period - Joey Hishon wins face-off versus Ben Holmstrom in Falcons zone.
3:54 of 3rd period - Robert Hagg and Viktor Svedberg fight to a draw.
3:54 of 3rd period - Penalty to Robert Hagg for Fighting.
3:54 of 3rd period - Penalty to Viktor Svedberg for Fighting.
3:55 of 3rd period - Joey Hishon wins face-off versus Travis Morin in Falcons zone.
4:26 of 3rd period - Wrist shot by Matt Fraser.
4:26 of 3rd period - Shot Misses the Net.
4:28 of 3rd period - Snap shot by J.T. Miller.
4:28 of 3rd period - Shot Misses the Net.
4:30 of 3rd period - Snap shot by J.T. Miller.
4:30 of 3rd period - Stopped by Christopher Gibson with a rebound.
4:32 of 3rd period - Wrist shot by Matt Fraser.
4:32 of 3rd period - Stopped by Christopher Gibson with a rebound.
4:48 of 3rd period - Dylan Blujus is hit by Will Acton and loses puck.
4:59 of 3rd period - Wrist shot by Dmitrij Jaskin.
4:59 of 3rd period - Shot Misses the Net.
5:01 of 3rd period - Snap shot by Michael Kostka.
5:01 of 3rd period - Shot Blocked by Conor Sheary.
5:15 of 3rd period - Wrist shot by Vincent Trocheck.
5:15 of 3rd period - Shot Misses the Net.
5:59 of 3rd period - Snap shot by Zach Trotman.
5:59 of 3rd period - Stopped by Christopher Gibson with a rebound.
6:01 of 3rd period - Snap shot by Jean-Philippe Cote.
6:01 of 3rd period - Stopped by Christopher Gibson without a rebound.
6:02 of 3rd period - Oscar Lindberg wins face-off versus Tobias Rieder in Falcons zone.
6:13 of 3rd period - Wrist shot by Tobias Rieder.
6:13 of 3rd period - Shot Misses the Net.
6:15 of 3rd period - Slapshot by Brandon Davidson.
6:15 of 3rd period - Shot Misses the Net.
6:17 of 3rd period - Wrist shot by Shane Harper.
6:17 of 3rd period - Stopped by Yann Danis with a rebound.
6:19 of 3rd period - Slapshot by Nathan Beaulieu.
6:19 of 3rd period - Stopped by Yann Danis without a rebound.
6:20 of 3rd period - Tobias Rieder wins face-off versus Oscar Lindberg in Ice Hogs zone.
6:21 of 3rd period - Slapshot by Brandon Davidson.
6:21 of 3rd period - Deflect By Emile Poirier.
6:21 of 3rd period - Shot Misses the Net.
6:21 of 3rd period - Puck is out of play.
6:22 of 3rd period - Oscar Lindberg wins face-off versus Tobias Rieder in Ice Hogs zone.
6:36 of 3rd period - Slapshot by Nathan Beaulieu.
6:36 of 3rd period - Stopped by Yann Danis with a rebound.
6:38 of 3rd period - Slapshot by Brandon Davidson.
6:38 of 3rd period - Stopped by Yann Danis with a rebound.
6:40 of 3rd period - Backhand shot by Brandon Davidson.
6:40 of 3rd period - Shot Misses the Net.
6:58 of 3rd period - Brandon Davidson is hit by Petr Straka and loses puck.
7:02 of 3rd period - Icing by Nathan Beaulieu.
7:03 of 3rd period - Travis Morin wins face-off versus Greg Rallo in Falcons zone.
7:04 of 3rd period - Snap shot by J.T. Miller.
7:04 of 3rd period - Goal by J.T. Miller - Ice Hogs : 1 - Falcons : 2.
7:05 of 3rd period - Markus Granlund wins face-off versus Travis Morin in neutral zone.
7:28 of 3rd period - Snap shot by Travis Morin.
7:28 of 3rd period - Stopped by Christopher Gibson with a rebound.
7:30 of 3rd period - Slapshot by J.T. Miller.
7:30 of 3rd period - Shot Misses the Net.
7:32 of 3rd period - Snap shot by Travis Morin.
7:32 of 3rd period - Stopped by Christopher Gibson with a rebound.
7:34 of 3rd period - Snap shot by Anton Volchenkov.
7:34 of 3rd period - Stopped by Christopher Gibson with a rebound.
7:36 of 3rd period - Snap shot by J.T. Miller.
7:36 of 3rd period - Shot Misses the Net.
7:38 of 3rd period - Wrist shot by Kyle Hagel.
7:38 of 3rd period - Shot Blocked by Brandon Davidson.
7:40 of 3rd period - Snap shot by Anton Volchenkov.
7:40 of 3rd period - Shot Misses the Net.
7:42 of 3rd period - Slapshot by Anton Volchenkov.
7:42 of 3rd period - Deflect By Nathan Beaulieu.
7:42 of 3rd period - Stopped by Christopher Gibson with a rebound.
8:13 of 3rd period - Snap shot by Zach Trotman.
8:13 of 3rd period - Shot Blocked by Brandon Davidson.
8:15 of 3rd period - Snap shot by Zach Trotman.
8:15 of 3rd period - Deflect By Conor Sheary.
8:15 of 3rd period - Stopped by Christopher Gibson with a rebound.
8:17 of 3rd period - Snap shot by T.J. Tynan.
8:17 of 3rd period - Stopped by Christopher Gibson with a rebound.
8:19 of 3rd period - Slapshot by Zach Trotman.
8:19 of 3rd period - Deflect By Dmitrij Jaskin.
8:19 of 3rd period - Stopped by Christopher Gibson with a rebound.
8:21 of 3rd period - Wrist shot by Conor Sheary.
8:21 of 3rd period - Stopped by Christopher Gibson with a rebound.
8:23 of 3rd period - Slapshot by Zach Trotman.
8:23 of 3rd period - Shot Misses the Net.
8:29 of 3rd period - Minor Penalty to Nathan Beaulieu for Tripping.
8:30 of 3rd period - Oscar Lindberg wins face-off versus Jacob De La Rose in Falcons zone.
8:54 of 3rd period - Penalty to Robert Hagg is over, Robert Hagg is back on ice.
9:00 of 3rd period - Off-side.
9:01 of 3rd period - Jacob De La Rose wins face-off versus Travis Morin in neutral zone.
9:20 of 3rd period - Slapshot by Travis Morin.
9:20 of 3rd period - Shot Hit the Post.
9:22 of 3rd period - Slapshot by Zach Trotman.
9:22 of 3rd period - Stopped by Christopher Gibson with a rebound.
10:10 of 3rd period - Snap shot by Scott Wilson.
10:10 of 3rd period - Shot Blocked by Ville Pokka.
10:12 of 3rd period - Slapshot by Anton Volchenkov.
10:12 of 3rd period - Deflect By Scott Wilson.
10:12 of 3rd period - Stopped by Christopher Gibson with a rebound.
10:14 of 3rd period - Slapshot by Kyle Hagel.
10:14 of 3rd period - Shot Blocked by Dylan Blujus.
10:14 of 3rd period - Dylan Blujus from Falcons is injured at 10:14 of 3rd period (Strained Groin).
10:15 of 3rd period - Travis Morin wins face-off versus Jacob De La Rose in Falcons zone.
10:29 of 3rd period - Penalty to Nathan Beaulieu is over, Nathan Beaulieu is back on ice.
11:06 of 3rd period - Anton Volchenkov is hit by Freddie Hamilton and loses puck.
11:55 of 3rd period - Snap shot by Scott Wilson.
11:55 of 3rd period - Deflect By Oscar Lindberg.
11:55 of 3rd period - Stopped by Christopher Gibson with a rebound.
11:57 of 3rd period - Wrist shot by Scott Wilson.
11:57 of 3rd period - Stopped by Christopher Gibson with a rebound.
12:15 of 3rd period - Slapshot by Zach Trotman.
12:15 of 3rd period - Stopped by Christopher Gibson with a rebound.
13:43 of 3rd period - Jacob De La Rose is hit by Derek Hulak and loses puck.
14:11 of 3rd period - Wrist shot by Jonathan Marchessault.
14:11 of 3rd period - Shot Misses the Net.
14:13 of 3rd period - Slapshot by Brandon Davidson.
14:13 of 3rd period - Stopped by Yann Danis without a rebound.
14:14 of 3rd period - Will Acton wins face-off versus Markus Granlund in Ice Hogs zone.
14:34 of 3rd period - Slapshot by Zach Trotman.
14:34 of 3rd period - Stopped by Christopher Gibson without a rebound.
14:35 of 3rd period - Joey Hishon wins face-off versus Oscar Lindberg in Falcons zone.
15:25 of 3rd period - Snap shot by Ben Holmstrom.
15:25 of 3rd period - Shot Blocked by Robert Hagg.
15:27 of 3rd period - Slapshot by Viktor Svedberg.
15:27 of 3rd period - Shot Blocked by Jonathan Marchessault.
15:29 of 3rd period - Wrist shot by Viktor Svedberg.
15:29 of 3rd period - Stopped by Christopher Gibson with a rebound.
15:55 of 3rd period - Wrist shot by Tobias Rieder.
15:55 of 3rd period - Shot Blocked by Jean-Philippe Cote.
15:57 of 3rd period - Snap shot by Emile Poirier.
15:57 of 3rd period - Deflect By Shane Harper.
15:57 of 3rd period - Shot Blocked by Matt Fraser.
15:57 of 3rd period - Puck is out of play.
15:58 of 3rd period - Travis Morin wins face-off versus Tobias Rieder in Ice Hogs zone.
17:34 of 3rd period - Oscar Lindberg is hit by Ville Pokka and loses puck.
17:39 of 3rd period - Snap shot by Freddie Hamilton.
17:39 of 3rd period - Shot Blocked by Viktor Svedberg.
17:45 of 3rd period - Snap shot by Oscar Lindberg.
17:45 of 3rd period - Stopped by Christopher Gibson with a rebound.
17:47 of 3rd period - Slapshot by Oscar Lindberg.
17:47 of 3rd period - Stopped by Christopher Gibson with a rebound.
18:28 of 3rd period - Slapshot by Mat Bodie.
18:28 of 3rd period - Shot Blocked by Brandon Davidson.
18:56 of 3rd period - Robert Hagg is hit by Kyle Hagel and loses puck.
19:01 of 3rd period - Ice Hogs, Yann Danis is pulled from the net.
19:03 of 3rd period - Snap shot by J.T. Miller.
19:03 of 3rd period - Stopped by Christopher Gibson with a rebound.
19:34 of 3rd period - Tobias Rieder is hit by Matt Fraser and loses puck.
19:54 of 3rd period - Viktor Svedberg is hit by Robert Hagg and loses puck.
Goals for this period are 1 for Ice Hogs vs 0 for Falcons.
Shots for this period are 24 for Ice Hogs vs 7 for Falcons.